[ PARTIDA AOE2 · #476482512 ]
UnrankedVietnamitas vs Lithuanians
Equipo del jugador · DERR
Equipo rival · VICT
[ ANÁLISIS DE REPETICIÓN · EXTRAÍDO DE LA PARTIDA GRABADA ]
Feudal
8:29
Castillos
14:54
Imperial
36:33
| APM promedio | 35.6 |
| APM pico | 85 |
| eAPM promedio | 20.6 |
| Aldeanos / militares | 109 / 153 |
Foco
⚔️ 36.2% · 🌾 63.8%
Galley ×74 · Fire Galley ×67 · Unknown (2626) ×62 · Fishing Ship ×6 · Cannon Galleon ×6 · Monk ×2
Feudal
8:36
Castillos
12:15
Imperial
31:47
| APM promedio | 26.3 |
| APM pico | 49 |
| eAPM promedio | 14.7 |
| Aldeanos / militares | 112 / 144 |
Foco
⚔️ 39.4% · 🌾 60.6%
Fire Galley ×79 · Galley ×55 · Unknown (2626) ×19 · Cannon Galleon ×6 · Fishing Ship ×4 · Monk ×2
Mapa de la partida
Recursos iniciales + cada clic de construcción. Líneas = muros · curvas = relieve. ◆ oro · ⬟ piedra · ● bayas · ✦ reliquia · ◌ hueco del cierre
Tu base· ✓ Separados por el mapa
Base de AtrophicAmygdala· ✓ Separados por el mapa
Terreno inicial suavizado · ◌ = hueco del cierre detectado · pasá el cursor para detalles
Inputs por minuto
— DGHIR | Miloss - - AtrophicAmygdala
Build order — DGHIR | Miloss
Primeras 150 de 371 acciones detectadas
| 0:11 | Construir | Town Center |
| 0:15 | Construir | Dock |
| 0:22 | Construir | House |
| 0:23 | Construir | House |
| 1:14 | Investigar | Loom |
| 1:14 | Crear | Villager (Male) ×4 |
| 1:43 | Construir | House |
| 2:06 | Crear | Fishing Ship |
| 2:07 | Crear | Fishing Ship |
| 2:50 | Crear | Fishing Ship |
| 3:16 | Construir | Mill |
| 3:19 | Crear | Villager (Male) |
| 3:23 | Construir | House |
| 3:24 | Construir | House |
| 3:52 | Crear | Fishing Ship |
| 4:00 | Construir | House |
| 4:01 | Construir | House |
| 4:04 | Crear | Villager (Male) |
| 4:29 | Crear | Villager (Male) |
| 4:57 | Crear | Villager (Male) |
| 5:18 | Crear | Fishing Ship |
| 5:26 | Crear | Villager (Male) |
| 5:37 | Construir | House |
| 5:42 | Construir | Dock |
| 5:50 | Crear | Villager (Male) |
| 6:08 | Crear | Fishing Ship |
| 6:19 | Investigar | Feudal Age |
| 6:58 | Construir | Mining Camp |
| 7:13 | Crear | Villager (Male) |
| 7:13 | Crear | Villager (Male) |
| 7:37 | Construir | Barracks |
| 8:29 | Edad | Edad Feudal |
| 8:35 | Crear | Fire Galley ×2 |
| 8:36 | Crear | Villager (Male) |
| 8:36 | Crear | Villager (Male) |
| 8:55 | Crear | Spearman |
| 8:55 | Crear | Spearman |
| 8:59 | Crear | Villager (Male) |
| 9:13 | Construir | Lumber Camp |
| 9:37 | Investigar | Town Watch |
| 9:45 | Crear | Villager (Male) |
| 9:46 | Crear | Villager (Male) |
| 10:02 | Crear | Unit 2626 |
| 10:03 | Crear | Villager (Male) |
| 10:04 | Crear | Villager (Male) |
| 10:49 | Construir | Market |
| 11:21 | Construir | Blacksmith |
| 12:06 | Investigar | Castle Age |
| 12:06 | Investigar | Castle Age |
| 12:07 | Investigar | Fletching |
| 12:14 | Crear | Galley ×2 |
| 12:20 | Construir | House |
| 12:21 | Construir | House |
| 12:22 | Construir | House |
| 12:28 | Investigar | Double-Bit Axe |
| 12:31 | Construir | House |
| 12:33 | Construir | House |
| 12:34 | Construir | House |
| 12:51 | Crear | Galley |
| 12:51 | Crear | Galley |
| 12:51 | Crear | Galley |
| 13:16 | Crear | Unit 2626 |
| 13:30 | Construir | Dock |
| 14:12 | Crear | Galley ×2 |
| 14:12 | Crear | Galley ×2 |
| 14:14 | Crear | Villager (Male) |
| 14:14 | Crear | Villager (Male) |
| 14:14 | Crear | Villager (Male) |
| 14:37 | Crear | Galley ×2 |
| 14:54 | Edad | Edad de los Castillos |
| 15:02 | Investigar | War Galley (upgrade) |
| 15:07 | Investigar | War Galley (upgrade) |
| 15:13 | Crear | Unit 2626 |
| 15:13 | Crear | Unit 2626 |
| 15:23 | Investigar | Bodkin Arrow |
| 15:23 | Investigar | Bodkin Arrow |
| 15:35 | Investigar | Wheelbarrow |
| 15:36 | Crear | Villager (Male) |
| 15:37 | Crear | Villager (Male) |
| 15:58 | Crear | Unit 2626 ×3 |
| 16:10 | Investigar | Forging |
| 16:15 | Construir | Farm |
| 16:17 | Construir | Farm |
| 16:20 | Crear | Villager (Male) |
| 16:20 | Crear | Villager (Male) |
| 16:20 | Crear | Villager (Male) |
| 16:29 | Crear | Unit 2626 ×2 |
| 16:36 | Crear | Villager (Male) |
| 16:37 | Crear | Villager (Male) |
| 17:03 | Crear | Galley ×2 |
| 17:17 | Crear | Galley ×2 |
| 17:26 | Crear | Villager (Male) |
| 17:46 | Crear | Galley ×3 |
| 18:04 | Crear | Galley ×2 |
| 18:26 | Construir | Dock |
| 18:54 | Construir | Dock |
| 19:01 | Crear | Villager (Male) |
| 19:01 | Crear | Villager (Male) |
| 19:05 | Construir | Farm |
| 19:07 | Construir | Farm |
| 19:17 | Construir | Farm |
| 19:21 | Investigar | Pikeman (upgrade) |
| 19:27 | Construir | Outpost |
| 19:35 | Construir | Farm |
| 19:57 | Construir | Town Center |
| 20:06 | Construir | Dock |
| 20:12 | Crear | Villager (Male) |
| 20:12 | Crear | Villager (Male) |
| 20:18 | Construir | Farm |
| 20:29 | Construir | Outpost |
| 20:31 | Construir | Outpost |
| 20:39 | Crear | Villager (Male) |
| 20:40 | Crear | Villager (Male) |
| 20:44 | Construir | University |
| 20:52 | Construir | Outpost |
| 20:54 | Construir | Outpost |
| 21:03 | Crear | Villager (Male) |
| 21:03 | Crear | Villager (Male) |
| 21:17 | Crear | Villager (Male) |
| 21:17 | Crear | Villager (Male) |
| 21:24 | Construir | Farm |
| 21:31 | Investigar | Ballistics |
| 21:45 | Construir | Farm |
| 21:47 | Construir | Farm |
| 21:49 | Crear | Villager (Male) |
| 21:49 | Crear | Villager (Male) |
| 21:51 | Construir | Farm |
| 22:00 | Construir | Lumber Camp |
| 22:12 | Crear | Villager (Male) |
| 22:12 | Crear | Villager (Male) |
| 22:25 | Construir | Outpost |
| 22:26 | Crear | Villager (Male) |
| 22:26 | Crear | Villager (Male) |
| 22:43 | Construir | Farm |
| 22:47 | Construir | Monastery |
| 22:55 | Crear | Villager (Male) |
| 22:57 | Crear | Villager (Male) |
| 23:11 | Construir | House |
| 23:12 | Construir | House |
| 23:13 | Construir | House |
| 23:14 | Construir | House |
| 23:18 | Crear | Monk |
| 23:26 | Construir | Outpost |
| 23:28 | Crear | Villager (Male) |
| 23:28 | Crear | Villager (Male) |
| 23:28 | Crear | Villager (Male) |
| 23:36 | Crear | Monk |
| 23:57 | Construir | House |
| 23:58 | Construir | House |
| 23:59 | Construir | House |
Build order — AtrophicAmygdala
Primeras 150 de 384 acciones detectadas
| 0:05 | Construir | House |
| 0:21 | Construir | Town Center |
| 0:35 | Construir | House |
| 1:37 | Crear | Villager (Male) |
| 1:38 | Crear | Villager (Male) |
| 1:38 | Crear | Villager (Male) |
| 2:06 | Construir | Dock |
| 2:10 | Investigar | Loom |
| 2:15 | Construir | House |
| 2:23 | Crear | Villager (Male) |
| 2:41 | Construir | House |
| 3:07 | Crear | Villager (Male) |
| 3:15 | Crear | Fishing Ship |
| 3:29 | Crear | Villager (Male) |
| 3:51 | Crear | Fishing Ship |
| 3:54 | Construir | House |
| 3:56 | Crear | Villager (Male) |
| 4:23 | Crear | Villager (Male) |
| 4:46 | Construir | House |
| 4:51 | Construir | Mill |
| 5:07 | Crear | Villager (Male) |
| 5:09 | Crear | Fishing Ship |
| 5:36 | Crear | Villager (Male) |
| 5:50 | Crear | Villager (Male) |
| 6:12 | Crear | Fishing Ship |
| 6:21 | Construir | Mining Camp |
| 6:26 | Investigar | Feudal Age |
| 8:36 | Crear | Villager (Male) |
| 8:36 | Edad | Edad Feudal |
| 8:37 | Crear | Villager (Male) |
| 8:41 | Construir | Market |
| 8:45 | Construir | Blacksmith |
| 9:18 | Crear | Fire Galley |
| 9:35 | Investigar | Castle Age |
| 9:36 | Investigar | Castle Age |
| 9:36 | Investigar | Castle Age |
| 9:49 | Construir | Dock |
| 10:25 | Crear | Galley |
| 10:36 | Crear | Unit 2626 |
| 10:49 | Crear | Unit 2626 |
| 10:52 | Crear | Villager (Male) |
| 10:53 | Crear | Villager (Male) |
| 11:10 | Construir | Dock |
| 11:22 | Crear | Villager (Male) |
| 11:48 | Crear | Villager (Male) |
| 11:53 | Crear | Unit 2626 |
| 11:56 | Crear | Unit 2626 |
| 12:13 | Crear | Fire Galley |
| 12:13 | Crear | Fire Galley |
| 12:15 | Edad | Edad de los Castillos |
| 12:28 | Construir | Lumber Camp |
| 12:33 | Construir | House |
| 12:53 | Investigar | Double-Bit Axe |
| 12:53 | Investigar | Double-Bit Axe |
| 13:01 | Construir | House |
| 13:33 | Construir | House |
| 13:54 | Investigar | War Galley (upgrade) |
| 14:04 | Crear | Fire Galley |
| 14:04 | Crear | Fire Galley |
| 14:14 | Crear | Villager (Male) |
| 14:16 | Construir | House |
| 14:17 | Crear | Villager (Male) |
| 14:40 | Crear | Fire Galley |
| 14:40 | Crear | Fire Galley |
| 14:46 | Crear | Unit 2626 |
| 14:52 | Construir | House |
| 15:01 | Crear | Unit 2626 |
| 15:18 | Crear | Unit 2626 |
| 15:18 | Crear | Unit 2626 |
| 15:19 | Crear | Unit 2626 |
| 15:19 | Crear | Villager (Male) |
| 15:20 | Crear | Villager (Male) |
| 15:34 | Crear | Villager (Male) |
| 15:35 | Crear | Villager (Male) |
| 15:42 | Crear | Villager (Male) |
| 15:56 | Crear | Fire Galley |
| 15:57 | Crear | Fire Galley |
| 16:04 | Construir | House |
| 16:05 | Crear | Villager (Male) |
| 16:24 | Crear | Galley |
| 16:25 | Crear | Galley |
| 16:27 | Crear | Galley |
| 16:38 | Construir | House |
| 16:39 | Crear | Villager (Male) |
| 16:48 | Crear | Villager (Male) |
| 16:55 | Crear | Fire Galley |
| 16:56 | Crear | Fire Galley |
| 17:19 | Crear | Villager (Male) |
| 17:25 | Construir | House |
| 17:36 | Construir | Town Center |
| 18:06 | Crear | Villager (Male) |
| 18:11 | Crear | Galley |
| 18:12 | Crear | Galley |
| 18:12 | Crear | Galley |
| 18:20 | Construir | House |
| 18:21 | Crear | Villager (Male) |
| 18:44 | Crear | Fire Galley |
| 18:45 | Crear | Fire Galley |
| 18:55 | Crear | Villager (Male) |
| 18:56 | Crear | Villager (Male) |
| 19:35 | Crear | Villager (Male) |
| 19:38 | Construir | Town Center |
| 20:02 | Crear | Villager (Male) |
| 20:12 | Construir | Monastery |
| 20:12 | Crear | Villager (Male) |
| 20:42 | Crear | Villager (Male) |
| 20:43 | Crear | Villager (Male) |
| 20:43 | Crear | Villager (Male) |
| 20:53 | Construir | Farm |
| 20:54 | Construir | Farm |
| 20:54 | Construir | Farm |
| 20:54 | Construir | Farm |
| 20:54 | Construir | Farm |
| 20:54 | Construir | Farm |
| 20:55 | Construir | Farm |
| 20:57 | Crear | Monk |
| 21:05 | Crear | Villager (Male) |
| 21:10 | Construir | Farm |
| 21:11 | Construir | Farm |
| 21:11 | Construir | Farm |
| 21:11 | Construir | Farm |
| 21:12 | Construir | Farm |
| 21:12 | Construir | Farm |
| 21:12 | Construir | Farm |
| 21:19 | Crear | Villager (Male) |
| 21:23 | Construir | Lumber Camp |
| 21:42 | Construir | Farm |
| 21:42 | Crear | Villager (Male) |
| 21:43 | Crear | Villager (Male) |
| 22:06 | Crear | Monk |
| 22:10 | Crear | Transport Ship |
| 22:11 | Crear | Villager (Male) |
| 22:27 | Crear | Villager (Male) |
| 22:28 | Crear | Villager (Male) |
| 22:29 | Crear | Villager (Male) |
| 22:48 | Construir | Town Center |
| 23:07 | Construir | Farm |
| 23:10 | Crear | Villager (Male) |
| 23:10 | Crear | Villager (Male) |
| 23:10 | Crear | Villager (Male) |
| 23:11 | Crear | Villager (Male) |
| 23:27 | Crear | Villager (Male) |
| 23:27 | Crear | Villager (Male) |
| 23:30 | Investigar | Wheelbarrow |
| 23:47 | Construir | Farm |
| 23:48 | Construir | Farm |
| 23:48 | Construir | Farm |
| 23:48 | Construir | Farm |
| 23:48 | Construir | Farm |
| 23:49 | Construir | Farm |
Cronología de la partida
| 0:15 | DGHIR | Miloss · first_building Dock |
| 2:06 | AtrophicAmygdala · first_building Dock |
| 7:37 | DGHIR | Miloss · first_building Barracks |
| 8:29 | DGHIR | Miloss · age_up feudal |
| 8:36 | AtrophicAmygdala · age_up feudal |
| 10:44 | AtrophicAmygdala · first_market_sell 100 food |
| 12:15 | AtrophicAmygdala · age_up castle |
| 14:54 | DGHIR | Miloss · age_up castle |
| 20:12 | AtrophicAmygdala · first_building Monastery |
| 22:44 | AtrophicAmygdala · first_market_buy 100 stone |
| 22:47 | DGHIR | Miloss · first_building Monastery |
| 24:09 | DGHIR | Miloss · first_market_buy 100 stone |
| 24:14 | DGHIR | Miloss · first_building Castle |
| 25:18 | AtrophicAmygdala · first_building Barracks |
| 28:39 | DGHIR | Miloss · first_market_sell 100 food |
| 31:47 | AtrophicAmygdala · age_up imperial |
| 32:57 | AtrophicAmygdala · first_building Castle |
| 36:33 | DGHIR | Miloss · age_up imperial |
| 44:15 | AtrophicAmygdala · first_building Stable |
| 45:42 | DGHIR | Miloss · resign |
[ ANÁLISIS IA · 1 CRÉDITO ]
¿Qué pasó realmente en esta partida?
Wolo.gg analiza cada decisión: build order, eco, micro, errores típicos por bracket. Análisis personalizado por WhatsApp o Discord en 30 segundos.
Guía civ
Vietnamitas
Perfil
DGHIR | Miloss